 Dungeon Crawl Stone Soup version 0.31-a0-188-g5e087ee2ca (webtiles) character file.

Game seed: 17844747601673854279

3 Gorgondantess the Gusty (level 1, 10/10 HPs)
             Began as a Tengu Air Elementalist on June 24, 2023.
             Was a Follower of Qazlal.
             Got out of the dungeon alive.
             The game lasted 00:00:31 (275 turns).

Gorgondantess the Gusty (Tengu Air Elementalist)     Turns: 275, Time: 00:00:31

Health: 10/10      AC:  2    Str:  8    XL:     1   Next: 50%
Magic:  4/4        EV: 12    Int: 15    God:    Qazlal [*.....]
Gold:   0          SH:  1    Dex: 14    Spells: 3/4 levels left

rFire   . . .        (no weapon)
rCold   . . .        (no shield)
rNeg    . . .        a - +0 robe
rPois   .            (helmet restricted)
rElec   .            (no cloak)
rCorr   .            (no gloves)
SInv    .            (boots unavailable)
Will    .....        (no amulet)
Stlth   ++           (no ring)
HPRegen 0.21/turn    (no ring)
MPRegen 0.09/turn

%: no passive effects
@: no status effects
A: beak, talons 3
a: Renounce Religion


You escaped.
You worshipped Qazlal.
Qazlal was aware of your devotion.
You visited 1 branch of the dungeon, and saw 1 of its levels.

Inventory:

Armour
 a - a +0 robe (worn)
Scrolls
 c - a scroll of vulnerability {unknown}
Potions
 b - a potion of magic


   Skills:
 - Level 2.1 Dodging
 - Level 2.0 Stealth
 + Level 2.0 Spellcasting
 + Level 1.5 Conjurations
 * Level 4.1 Air Magic


You had 3 spell levels left.
You knew the following spells:

 Your Spells              Type           Power      Damage    Failure   Level
a - Shock                 Conj/Air       40%        1d5       7%          1

Your spell library contained the following spells:

 Spells                   Type           Power      Damage    Failure   Level
 Static Discharge         Conj/Air       20%        2-3/arc   11%         2
 Swiftness                Air            14%        N/A       12%         3
 Airstrike                Air            7%         2d(1-17)  36%         4


Dungeon Overview and Level Annotations

Branches:
Dungeon (1/15)

Altars:
Qazlal


Innate Abilities, Weirdness & Mutations

You have a beak for a mouth.
You have claws for feet.


Message History

The hobgoblin closely misses you.
You barely miss the hobgoblin. You claw the hobgoblin.
The hobgoblin is almost dead.
The hobgoblin hits you but does no damage.
You completely miss the hobgoblin. You peck the hobgoblin.
You kill the hobgoblin!
HP restored.
You open the door.
A goblin comes into view. It is wielding a +0 club.
There is an open door here.
The zap hits the goblin.
The goblin is moderately wounded.
The zap hits the goblin.
The goblin is severely wounded.
The zap hits the goblin.
You kill the goblin!
You can't see any susceptible monsters within range! (Use Z to cast anyway.) As you open the door, it creaks loudly!
There is an open door here.
Found a chain mail.
You can't see any susceptible monsters within range! (Use Z to cast anyway.)
You open the door.
There is an open door here.
There is an open door here.
Found a faded altar of an unknown god.
There is a faded altar of an unknown god here.
This altar belongs to (a) Ru, (b) Qazlal or (c) Gozag, but you can't tell which.
Press the corresponding letter to learn more about a god, or press enter to convert or escape to cancel.
Qazlal accepts your prayer! Qazlal welcomes you!
Qazlal grants you and your divine allies immunity to clouds.
You are now surrounded by a storm.
There is an open door here.
There is an open door here.
There is an open door here.
There is an open door here.
There is an open door here.
There is an open door here.
There is a staircase leading out of the dungeon here.
Are you sure you want to leave the Dungeon?
This will make you lose the game!
You have escaped!

######### #...#...#
+...'...# #...#...#
######'###'##
#...#...#...#######
#.@.'...#...##.....
#...#...#...##.....
##+#######'###.....
#...##.....
#.⌠.'......
#...#......
######+###.....
#...#...##.....
+...'...'......


There were no monsters in sight!

Vanquished Creatures
  A goblin (D:1)
  A hobgoblin (D:1)
  A bat (D:1)
3 creatures vanquished.

Notes
Turn   | Place    | Note
-------+----------+-------------------------------------------
     0 | D:1      | Gorgondantess the Tengu Air Elementalist began the quest
                  | for the Orb.
     0 | D:1      | Reached XP level 1. HP: 10/10 MP: 4/4
   227 | D:1      | Found a faded altar of an unknown god.
   232 | D:1      | Prayed at the altar of an unknown god.
   232 | D:1      | Became a worshipper of Qazlal Stormbringer
   232 | D:1      | Reached * piety under Qazlal
   275 | D:$      | Got out of the dungeon alive.

Illustrated notes

Levels and vault maps discovered:
D:1:      co_arrival_random_square_maze, layout_basic,
          shapermc_ecumenical_altar_petra, serial_bayou_lagoon_a

Action                     || total
---------------------------++-------
  Melee: Unarmed           ||     5
         Kick              ||     3
         Peck              ||     1
   Cast: Shock             ||     9
 Armour: Robe              ||     1
  Dodge: Dodged            ||     2

Table legend: (Time is in decaauts)
 A = Elapsed time spent in this place.
 B = Non-inter-level travel time spent in this place.
 C = Inter-level travel time spent in this place.
 D = Time resting spent in this place.
 E = Time spent auto-exploring this place.
 F = Levels seen in this place.
 G = Mean time per level.
                   A        B        C        D        E       F      G
               +--------+--------+--------+--------+--------+-----+--------+
         Total |    275 |    234 |     41 |      0 |    204 |   1 |  275.0 |
       Dungeon |    275 |    234 |     41 |      0 |    204 |   1 |  275.0 |
               +--------+--------+--------+--------+--------+-----+--------+

Top non-repeatable levels by time:
     D:1: 275 daAuts
